 Dungeon Crawl Stone Soup version 0.21-a0-128-gf2b353c (webtiles) character file.

56 GlassEater the Skirmisher (level 3, -2/40 HPs)
             Began as an Ogre Fighter on July 17, 2017.
             Slain by a worm (12 damage)
             ... on level 3 of the Dungeon.
             The game lasted 00:02:52 (1463 turns).

GlassEater the Skirmisher (Ogre Fighter)            Turns: 1463, Time: 00:02:52

Health: -2/40      AC:  3    Str: 21    XL:     3   Next: 97%
Magic:  3/3        EV:  8    Int:  9    God:
Gold:   102        SH:  8    Dex:  8    Spells: 2/2 levels left

rFire    . . .     SeeInvis .   a - +0 flail
rCold    . . .     Gourm    .   c - +0 shield
rNeg     . . .     Faith    .   b - +0 robe
rPois    .         Spirit   .   (helmet restricted)
rElec    .         Reflect  .   (no cloak)
rCorr    .         Harm     .   (gloves unavailable)
MR       .....                  (boots unavailable)
Stlth    +.........             (no amulet)
HPRegen  0.13/turn              (no ring)
MPRegen  0.08/turn              (no ring)

@: no status effects
A: unfitting armour, tough skin 1
a: no special abilities


You were on level 3 of the Dungeon.
You were not hungry.

You visited 1 branch of the dungeon, and saw 3 of its levels.

You collected 102 gold pieces.

Inventory:

Hand Weapons
 a - a +0 flail (weapon)
Missiles
 i - 41 stones (quivered)
 o - 3 throwing nets
Armour
 b - a +0 robe (worn)
 c - a +0 shield (worn)
Jewellery
 s - an uncursed amulet of regeneration {unknown}
Wands
 t - a wand of digging (15/24)
Scrolls
 e - a scroll of enchant weapon {unknown}
 j - 2 scrolls of identify {unknown}
 k - 2 scrolls of teleportation {unknown}
 l - a scroll of amnesia {unknown}
 m - 2 scrolls of remove curse {unknown}
 n - a scroll of fear {unknown}
Potions
 d - a potion of might
 g - a potion of mutation {unknown}
 h - a potion of flight {unknown}
 p - a potion of berserk rage {unknown}
 q - a potion of brilliance {unknown}
 r - a potion of lignification {unknown}
 v - a potion of curing {unknown}
Comestibles
 f - a bread ration
 u - 6 chunks of flesh
 w - 2 fruits


   Skills:
 + Level 4.7 Fighting
 + Level 2.8 Maces & Flails
 + Level 2.9 Dodging
 + Level 3.0 Shields


You had 2 spell levels left.
You didn't know any spells.

Dungeon Overview and Level Annotations

Branches:
Dungeon (3/15)

Altars:
Ashenzari
Sif Muna


Innate Abilities, Weirdness & Mutations

You are too large for most types of armour.
You have tough skin. (AC +1)


Message History

You kill the kobold!
The worm moves out of view.
The goblin barely misses you.
Unknown command.
Things that are here:
a short sword; a stone; a kobold corpse Your shield prevents you from hitting the goblin.
The goblin is moderately wounded.
The goblin barely misses you.
You hit the goblin.
You kill the goblin!
You thump the worm!
The worm is heavily wounded.
The worm bites you but does no damage.
You hit the worm.
The worm is severely wounded.
The worm misses you.
You hit the worm.
The worm is almost dead.
The worm bites you!
You die...

.... #.#
...##.###
.......#
......##....
...........
.........$
#.#.......
#@#.......
#w#.......
###)#.....##
#...........
#..<........
#.....#.....
..............
.!..#...........
.....≈..........


You could see a worm.

Vanquished Creatures
  An ooze (D:2)
  A worm (D:2)
  3 dart slugs
  3 leopard geckos
  5 bats
  3 giant cockroaches
  4 hobgoblins
  4 jackals (D:2)
  4 kobolds
  5 frilled lizards
  3 goblins
  A rat (D:1)
37 creatures vanquished.

Notes
Turn   | Place    | Note
-------+----------+-------------------------------------------
     0 | D:1      | GlassEater the Ogre Fighter began the quest for the Orb.
     0 | D:1      | Reached XP level 1. HP: 24/24 MP: 1/1
   265 | D:1      | Reached XP level 2. HP: 27/32 MP: 2/2
   637 | D:2      | Reached XP level 3. HP: 27/40 MP: 3/3
   993 | D:2      | Found a shattered altar of Ashenzari.
  1215 | D:2      | Found a faded altar of an unknown god.
  1397 | D:2      | Found a deep blue altar of Sif Muna.
  1463 | D:3      | Slain by a worm

Vault maps used:
D:1:      dpeg_arrival_tiny_i
D:2:      led_sif_pool, chequers_ecumenical_altar_simple,
          nicolae_ashenzari_panopticon
D:3:      nicolae_overflow_hidden_temple, first_bread,
          cheibrodos_sewer_entry_sluice

Skill      XL: |  1  2  3 |
---------------+----------+-----
Maces & Flails | 2 |  2.8
Shields        | 3 |  3.0
Fighting       | |  4.7
Dodging        | |  2.9

Action                   || total
-------------------------++-------
Melee: Flail             ||   139
Throw: Stone             ||     7
 Stab: Sleeping          ||     1
  Eat: Chunk             ||     2
Armor: Robe              ||    53
Dodge: Dodged            ||    77
Block: Shield            ||    87
